 Dungeon Crawl Stone Soup version 0.21.1-1-g345015f (webtiles) character file.

1911 wilfster70 the Slinger (level 9, -2/54 HPs)
             Began as a Halfling Warper on June 11, 2018.
             Slain by an orc wizard
             ... wielding a cursed -2 dagger
              (4 damage)
             ... on level 6 of the Dungeon.
             The game lasted 00:36:35 (8322 turns).

wilfster70 the Slinger (Halfling Warper)            Turns: 8322, Time: 00:36:35

Health: -2/54      AC:  9    Str: 15    XL:     9   Next: 38%
Magic:  0/12       EV: 16    Int: 11    God:
Gold:   303        SH:  0    Dex: 14    Spells: 4/12 levels left

rFire    . . .     SeeInvis .   b - +1 hunting sling
rCold    . . .     Gourm    .   (shield restricted)
rNeg     . . .     Faith    .   g - +0 ring mail (curse)
rPois    .         Spirit   +   q - +1 helmet
rElec    .         Reflect  .   t - +0 cloak
rCorr    +         Harm     .   (no gloves)
MR       .....                  v - +0 pair of boots
Stlth    +.........             h - amulet of guardian spirit
HPRegen  0.18/turn              p - ring of resist corrosion
MPRegen  0.13/turn              (no ring)

@: no status effects
A: small, mutation resistance 1
a: no special abilities


You were on level 6 of the Dungeon.
You were not hungry.

You visited 1 branch of the dungeon, and saw 6 of its levels.

You collected 303 gold pieces.

Inventory:

Hand Weapons
 a - a +0 short sword
 b - a +1 hunting sling (weapon)
Missiles
 d - 49 poisoned needles
 e - 5 tomahawks of dispersal
 k - 47 sling bullets
 l - 47 stones (quivered)
 x - 5 tomahawks
Armour
 g - a cursed +0 ring mail (worn)
 q - a +1 helmet (worn)
 r - a +0 leather armour
 t - a +0 cloak (worn)
 v - a +0 pair of boots (worn)
Jewellery
 h - an amulet of guardian spirit (around neck)
 p - a ring of resist corrosion (left hand)
 y - a +2 ring of intelligence {unknown}
Scrolls
 i - a scroll of teleportation
 j - 3 scrolls of identify
 o - 2 scrolls of remove curse
 z - a scroll of blinking
 B - a scroll of vulnerability {unknown}
Potions
 m - 3 potions of curing
 n - 3 potions of might
 w - a potion of brilliance
 A - 2 potions of agility
Books
 c - a book of Spatial Translocations

   Spells                             Type                      Level
   a - Blink                          Translocation                2
   b - Shroud of Golubria             Charms/Translocation         2
   c - Lesser Beckoning               Translocation                3
   d - Gell's Gravitas                Translocation                3
   e - Teleport Other                 Translocation                3
   f - Passage of Golubria            Translocation                4
 u - a book of Misfortune

   Spells                             Type                      Level
   a - Confusing Touch                Hexes                        1
   b - Confuse                        Hexes                        3
   c - Gell's Gravitas                Translocation                3
   d - Petrify                        Transmutation/Earth          4
   e - Metabolic Englaciation         Hexes/Ice                    5
   f - Yara's Violent Unravelling     Hexes/Transmutation          5
Comestibles
 f - 6 rations
 s - a chunk of flesh


   Skills:
 - Level 2.0 Fighting
 - Level 4.0 Short Blades
 * Level 10.2(10.3) Slings
 - Level 1.4(4.7) Throwing
 - Level 2.0 Armour
 + Level 6.4 Dodging
 - Level 2.0 Spellcasting
 + Level 4.9 Charms
 + Level 5.1 Translocations


You had 4 spell levels left.
You knew the following spells:

 Your Spells              Type           Power        Failure   Level  Hunger
a - Blink                 Tloc           N/A          11%         2    ###....
b - Shroud of Golubria    Chrm/Tloc      ##........   11%         2    ###....
c - Passage of Golubria   Tloc           N/A          56%         4    #####..


Dungeon Overview and Level Annotations

Branches:
Dungeon (6/15)
 Temple: D:4-7

Altars:
Hepliaklqana
Xom
Zin
The Shining One

Annotations:
D:4 wilfster70's ghost, amateur HaWr
D:5 inc's ghost, novice OpIE


Innate Abilities, Weirdness & Mutations

You are small and have problems with some larger weapons.
You are somewhat resistant to further mutation.


Message History

The orc wizard casts a spell.
The orc wizard flickers and vanishes!
Deactivating autopickup; reactivate with Ctrl-A.
There is a stone staircase leading up here.
The orc warrior hits you from afar with an enchanted glaive!
You clumsily bash something but do no damage.
Something completely misses you.
The orc priest invokes the aid of Beogh against you.
Beogh smites you!
* * * LOW HITPOINT WARNING * * *
Something barely misses you.
The orc warrior hits you from afar with an enchanted glaive.
* * * LOW HITPOINT WARNING * * *
You miss something.
Something hits you but does no damage. x2
The orc warrior barely misses you.
The orc priest invokes the aid of Beogh against you.
Beogh smites you!
* * * LOW HITPOINT WARNING * * *
Something hits you.
You die...

# #.# #..# .# ####.# #.
#.####..#.# #....# #. #........#
# #.#### #.#####.####..#.#. #.#
#.............##.# #.#
##......####.###.# #># ##.###.#
#.#.#.#######.###### #h# #.#
#..#................ #####.###.#
#..@...........#####
#...§§§##.#####.<#.##.#..........
#.###§#§#......oo.....#.###.#####
#§###.######.o#.##.#.# #.# ..#
##§# #..#.##.#.# #.# .## ##
#.......#.# #.# # ##.#.##...# #.#
#.#.###### #.# .(########.#.# #.#


You could see an orc warrior and 2 orc priests.

Vanquished Creatures
  The ghost of inc the Chiller, a novice OpIE of Jiyva (D:6)
  An ice beast (D:4)
  A necrophage (D:5)
  An ogre (D:4)
  3 centaurs (D:5)
  2 scorpions (D:5)
  6 killer bees (D:6)
  A howler monkey (D:5)
  3 crimson imps
  A bullfrog skeleton (D:4)
  2 hounds (D:6)
  2 jellies (D:5)
  A centaur skeleton (D:4)
  An iguana (D:6)
  5 worker ants
  11 gnolls
  13 adders
  An ooze (D:5)
  An adder skeleton (D:4)
  8 worms
  A dart slug (D:1)
  3 leopard geckos
  10 orcs
  4 giant cockroaches
  8 goblins
  7 hobgoblins
  6 jackals
  2 quokkas (D:5)
  6 ball pythons
  11 bats
  8 frilled lizards
  A giant cockroach zombie (D:6)
  3 kobolds
  A quokka skeleton (D:4)
  8 rats
144 creatures vanquished.

Vanquished Creatures (others)
  A draconian (D:1)
  2 gargoyles (D:1)
  3 vine stalkers (D:1)
  An elf (D:1)
  2 formicids (D:1)
  A vampire (D:1)
  A spriggan (D:1)
  A kobold (D:1)
  7 tentacles (D:1)
19 creatures vanquished.

Grand Total: 163 creatures vanquished

Notes
Turn   | Place    | Note
-------+----------+-------------------------------------------
     0 | D:1      | wilfster70 the Halfling Warper began the quest for the Orb.
     0 | D:1      | Reached XP level 1. HP: 14/14 MP: 3/3
     0 | D:1      | Noticed a vine stalker
     0 | D:1      | Noticed a vine stalker
     0 | D:1      | Noticed a formicid
     0 | D:1      | Noticed an elf
     0 | D:1      | Noticed a vampire
     0 | D:1      | Noticed a kraken
     0 | D:1      | Noticed a gargoyle
     0 | D:1      | Noticed a spriggan
     0 | D:1      | Noticed a draconian
     0 | D:1      | Noticed a gargoyle
     0 | D:1      | Noticed a formicid
     0 | D:1      | Noticed a vine stalker
     5 | D:1      | Killed a vine stalker
     6 | D:1      | Killed a vine stalker
     7 | D:1      | Killed a vampire
     9 | D:1      | Killed an elf
     9 | D:1      | Killed a spriggan
    11 | D:1      | Killed a gargoyle
    12 | D:1      | Killed a gargoyle
    12 | D:1      | Killed a vine stalker
    13 | D:1      | Killed a formicid
    13 | D:1      | Killed a formicid
    15 | D:1      | Killed a draconian
   125 | D:1      | Reached XP level 2. HP: 19/19 MP: 4/4
   366 | D:1      | Learned a level 2 spell: Blink
   369 | D:1      | Learned a level 2 spell: Shroud of Golubria
   476 | D:1      | Reached XP level 3. HP: 23/24 MP: 5/5
  1060 | D:2      | Reached XP level 4. HP: 21/29 MP: 3/6
  1550 | D:2      | Reached XP level 5. HP: 34/34 MP: 8/8
  1989 | D:2      | Reached skill level 1 in Slings
  2677 | D:2      | Reached skill level 2 in Slings
  2905 | D:3      | Reached skill level 3 in Slings
  2928 | D:3      | Reached XP level 6. HP: 37/39 MP: 9/9
  3160 | D:3      | Found a hazy altar of Hepliaklqana.
  3809 | D:4      | Noticed wilfster70's ghost (amateur HaWr)
  4030 | D:4      | Reached skill level 4 in Slings
  4287 | D:4      | Noticed an ogre
  4544 | D:4      | Reached skill level 1 in Charms
  5290 | D:4      | Killed an ogre
  5290 | D:4      | Reached skill level 5 in Slings
  5290 | D:4      | Reached XP level 7. HP: 35/45 MP: 7/10
  5771 | D:5      | Entered Level 5 of the Dungeon
  5811 | D:5      | Reached skill level 6 in Slings
  6098 | D:5      | Reached skill level 7 in Slings
  6098 | D:5      | Reached skill level 5 in Dodging
  6290 | D:5      | Reached XP level 8. HP: 50/50 MP: 11/11
  6318 | D:5      | Found a shimmering altar of Xom.
  6656 | D:5      | Learned a level 4 spell: Passage of Golubria
  6717 | D:5      | Reached skill level 8 in Slings
  6718 | D:5      | Noticed inc's ghost (novice OpIE)
  7135 | D:5      | Found a glowing golden altar of the Shining One.
  7135 | D:5      | Found a glowing silver altar of Zin.
  7486 | D:6      | Noticed inc's ghost (novice OpIE)
  7632 | D:6      | Killed inc's ghost
  7632 | D:6      | Reached skill level 9 in Slings
  7632 | D:6      | Reached XP level 9. HP: 54/54 MP: 9/12
  7972 | D:6      | Reached skill level 10 in Slings
  7972 | D:6      | Reached skill level 5 in Translocations
  8322 | D:6      | HP: 2/54 [orc priest/divine providence (10)]
  8322 | D:6      | Slain by an orc wizard

Skill      XL: |  1  2  3  4  5  6  7  8  9 |
---------------+----------------------------+-----
Fighting       | 2 |  2.0
Short Blades   | 3 4 |  4.0
Armour         | 2 |  2.0
Spellcasting   | 2 |  2.0
Dodging        | 3 4 5 6 |  6.4
Slings         | 3 5 7 9 10 | 10.2
Charms         | 1 3 4 |  4.9
Translocations | 4 5 |  5.1
Throwing       | |  1.4

Action                   |  1- 3 |  4- 6 |  7- 9 || total
-------------------------+-------+-------+-------++-------
Melee: Short sword       |   185 |    46 |    85 ||   316
       Hunting sling     |       |       |     2 ||     2
 Fire: Hunting sling     |       |   339 |   374 ||   713
 Cast: Shroud of Golubri |     1 |       |       ||     1
       Blink             |       |     1 |     5 ||     6
  Use: Scroll            |       |     7 |     6 ||    13
       Potion            |       |       |     2 ||     2
  Eat: Chunk             |     1 |    12 |    10 ||    23
Armor: Leather armour    |    46 |    66 |    35 ||   147
       Ring mail         |       |       |    56 ||    56
Dodge: Dodged            |   123 |   236 |   272 ||   631
